Map: Ley Lines

Players

KimChiLoVer - Winner!

  • Race: Terran Terran
  • Spawn Location: 7:00

VOD

Have the link to the VOD?

Description

Time

  • Played on: Aug. 9, 2025, 7:57 p.m.
  • Length: 10:20
Show
View Real Time Build Order
Export as new Build Order

KimChiLoVer Terran - Winner!

Build Orders: Reaper Expand 

Get SALT Encoding   

  12  0:02  SCV  
  12  0:14  SCV  
  12  0:18  Supply Depot  
  12  0:27  SCV  
  12  0:40  SCV  
  12  0:41  Barracks  
  12  0:45  Refinery  
  12  0:52  SCV  
  12  1:04  SCV  
  12  1:19  SCV  
  12  1:30  Reaper  
  12  1:31  Orbital Command  
  12  1:41  Command Center  
  12  1:51  Supply Depot  
  12  1:57  SCV  
  12  2:04  Marine  
  12  2:09  Factory  
  12  2:12  SCV  
  12  2:16  Refinery  
  12  2:26  SCV  
  12  2:28  Barracks Reactor  
  12  2:38  SCV  
  12  2:42  Barracks  
  12  2:43  Barracks  
  12  2:50  SCV  
  12  2:55  Factory Tech Lab  
  12  2:58  Orbital Command  
  12  3:03  SCV  
  12  3:15  SCV  
  12  3:16  Marine x2  
  12  3:27  SCV  
  12  3:32  Command Center  
  12  3:38  SCV  
  12  3:39  SCV  
  12  3:45  Factory Reactor  
  12  3:47  Stimpack  
  12  3:48  Starport  
  12  3:51  Marine x2  
  12  3:54  SCV  
  12  3:56  SCV  
  12  3:59  Marine  
  12  4:00  Marine  
  12  4:07  Engineering Bay  
  12  4:11  SCV x2  
  12  4:15  Engineering Bay  
  12  4:18  Marine x2  
  12  4:20  Marine  
  12  4:23  SCV  
  12  4:31  SCV  
  12  4:34  Factory Tech Lab  
  12  4:37  Terran Infantry Weapons Level 1  
  12  4:40  Medivac x2  
  12  4:44  Refinery  
  12  4:48  Terran Infantry Armor Level 1  
  12  4:50  SCV  
  12  4:53  Orbital Command  
  12  4:58  Refinery  
  12  4:59  SCV  
  12  5:03  SCV  
  12  5:05  Siege Tank  
  12  5:11  SCV  
  12  5:15  Supply Depot  
  12  5:22  Barracks  
  12  5:23  SCV  
  12  5:24  Barracks  
  12  5:29  Medivac  
  12  5:31  Viking  
  12  5:35  Marine x2  
  12  5:36  SCV  
  12  5:46  Siege Tank  
  12  5:48  SCV  
  12  5:51  Armory  
  12  5:54  Orbital Command, Supply Depot x2, Marine  
  12  5:57  Barracks Reactor  
  12  6:05  SCV  
  12  6:06  SCV  
  12  6:11  Barracks Tech Lab  
  12  6:12  Combat Shield  
  12  6:14  Barracks Reactor  
  12  6:22  Barracks x2  
  12  6:23  SCV  
  12  6:26  Barracks  
  12  6:28  SCV  
  12  6:29  SCV  
  12  6:35  SCV  
  12  6:36  Supply Depot  
  12  6:38  Supply Depot  
  12  6:40  Marauder, SCV  
  12  6:41  SCV, Supply Depot  
  12  6:44  Medivac  
  12  6:46  Concussive Shells  
  12  6:47  SCV  
  12  6:49  Terran Infantry Weapons Level 2  
  12  6:53  Terran Infantry Armor Level 2  
  12  7:03  Refinery, SCV  
  12  7:05  Refinery  
  12  7:06  SCV x2  
  12  7:13  Siege Tank  
  12  7:15  Barracks Reactor x2, SCV, Barracks Tech Lab  
  12  7:20  SCV x2  
  12  7:27  SCV, Supply Depot  
  12  7:28  Supply Depot  
  12  7:29  Viking x2  
  12  7:34  Starport  
  12  7:39  SCV  
  12  7:45  Command Center  
  12  7:48  Marauder, Marine  
  12  7:51  SCV  
  12  7:52  Terran Vehicle And Ship Armor Level 1  
  12  7:55  SCV x2  
  12  7:57  Marauder x2, Marine  
  12  7:58  Marine  
  12  8:03  SCV  
  12  8:05  Siege Tank  
  12  8:07  Medivac  
  12  8:10  Marauder, SCV  
  12  8:12  Starport Reactor  
  12  8:16  SCV  
  12  8:19  Marauder x2  
  12  8:20  Supply Depot  
  12  8:25  Marine x4  
  12  8:26  Marine x5  
  12  8:30  Supply Depot  
  12  8:31  Marauder  
  12  8:32  Supply Depot  
  12  8:38  Marine  
  12  8:40  Marauder x2  
  12  8:42  Siege Tank  
  12  8:43  Marine x2  
  12  8:44  Supply Depot  
  12  8:50  Supply Depot, Marine  
  12  8:52  Marauder  
  12  8:55  Viking  
  12  9:01  Marauder  
  12  9:08  Marine x2  
  12  9:09  Marauder, Marine x5  
  12  9:14  Marauder  
  12  9:20  Medivac  
  12  9:23  Medivac  
  12  9:28  Orbital Command  
  12  9:40  Marauder x2, Marine x4  
  12  9:41  Marine x5  
  12  9:46  Viking  
  12  9:53  Supply Depot  
  12  9:55  Marauder, Marine  
  12  9:58  Refinery x2, Marine  
  12  10:04  SCV  
  12  10:05  SCV x2  
  12  10:08  SCV  
Tags
 
Add a new tag
Caveats
  • Supply blocks, unpowered buildings, or Contaminate may cause inaccurate times.
  • Supply counts are checked every 10 seconds.